cohdb
Replays
Latest Replays
All Replays
Popular Replays
Top Player Replays
Match Explorer
How It Works
Community
CoH3 Stats
Reddit
Sign in to upload your games and track your stats! →
Sign in with Steam
Match 43660337
Unlisted
Match 43660337
Overview
Messages
Build Orders
End
Panzergrenadier Squad
Selects Panzerjäger Kommand Battlegroup
Panzergrenadier Squad
Construct Light Support Kompanie
MG34 Team
MG34 Team
Fire Support Elements
Veteran Squad Leaders
Flakvierling Half-track
Vehicle Survival Package
Tungsten Core Ammunition
Panzergrenadier Squad
Selects Mine Fields
Selects Defensive Positions
Selects Tank Busters
Pak 38 Mechanized Group
Construct Panzerarmee Kommand
2.5-tonne Medical Truck
Panzerjäger Squad
Panzer III L Medium Tank
Husar
Feldmarschall [AUT]
UZQueen
TIAN
[MC]zal
Ozrealix
PenikmatKopi
Kadet Kupat
0
0
Comments
sign in to comment!
No comments posted yet!